TOP OF THE 1ST |
Philadelphia 1776 BC batting - Pitching for Vancouver Grey Wolves : LHP Miguel López
|
Pitching: LHP Miguel López
|
|
Batting: LHB Kelvin Abbott
|
0-0: Ball 1-0: Called Strike 1-1: SOLO HOME RUN (Flyball, 9LD), Distance : 343 ft
|
Batting: RHB Mario Castillo
|
0-0: Ball 1-0: Ground out 5-3 (Groundball, 56)
|
Batting: RHB Eddie Sachs
|
0-0: Ball 1-0: Swinging Strike 1-1: SINGLE (Line Drive, 6MD)
|
Batting: RHB Karl Blanke
|
0-0: Ball 1-0: Ball 2-0: Called Strike 2-1: Ball 3-1: Foul Ball, location: 2F 3-2: Foul Ball, location: 2F 3-2: Ground out 5-3 (Groundball, 56S) Eddie Sachs to second
|
Batting: RHB Phil Moore
|
0-0: Called Strike 0-1: Ball 1-1: Foul Ball, location: 2F 1-2: Fly out, F3 (Line Drive, 34)
|
Top of the 1st over - 1 run, 2 hits, 0 errors, 1 left on base; Philadelphia 1776 1 - Vancouver 0 |
BOTTOM OF THE 1ST |
Vancouver Grey Wolves batting - Pitching for Philadelphia 1776 BC : RHP Elroy Thompkins
|
Pitching: RHP Elroy Thompkins
|
|
Batting: RHB Urs van Munster
|
0-0: Ball 1-0: Ground out 4-3 (Groundball, 4)
|
Batting: RHB Hugh Mungus
|
0-0: Ball 1-0: Foul Ball, location: 2F 1-1: Ball 2-1: Called Strike 2-2: Ground out 5-3 (Groundball, 56S)
|
Batting: LHB Johan Kroening
|
0-0: Foul Ball, location: 2F 0-1: Swinging Strike 0-2: Ball 1-2: Ball 2-2: Ball 3-2: Strikes out swinging
|
Bottom of the 1st over - 0 runs, 0 hits, 0 errors, 0 left on base; Philadelphia 1776 1 - Vancouver 0 |
TOP OF THE 2ND |
Philadelphia 1776 BC batting - Pitching for Vancouver Grey Wolves : LHP Miguel López
|
Now at 1B: Sixto Estrada
|
|
Batting: RHB Tim Burney
|
0-0: Ball 1-0: Ball 2-0: DOUBLE (Line Drive, 7LM)
|
Batting: LHB Manoo Satyavrat
|
0-0: Reached via error on a dropped throw, E1 Tim Burney to third
|
Batting: RHB Kent Summey
|
0-0: Ball 1-0: Ball 2-0: Called Strike 2-1: Ball Manoo Satyavrat steals 2nd base 3-1: Foul Ball, location: 2F 3-2: 3-RUN HOME RUN (Flyball, 9LD), Distance : 317 ft
|
Batting: LHB Hai-feng Tang
|
0-0: Ball 1-0: Foul Ball, location: 2F 1-1: Swinging Strike 1-2: Strikes out swinging
|
Batting: LHB Kelvin Abbott
|
0-0: Ball 1-0: Ground out U3 (Groundball, 3S)
|
Batting: RHB Mario Castillo
|
0-0: Called Strike 0-1: Swinging Strike 0-2: Ball 1-2: Fly out, F9 (Flyball, 9LS)
|
Top of the 2nd over - 3 runs, 2 hits, 1 error, 0 left on base; Philadelphia 1776 4 - Vancouver 0 |
BOTTOM OF THE 2ND |
Vancouver Grey Wolves batting - Pitching for Philadelphia 1776 BC : RHP Elroy Thompkins
|
Batting: RHB Sixto Estrada
|
0-0: Called Strike 0-1: Ball 1-1: Foul Ball, location: 2F 1-2: Ball 2-2: SINGLE (Groundball, 4MD)
|
Batting: LHB Michael Malloy
|
0-0: Ball 1-0: 2-RUN HOME RUN (Line Drive, 9D), Distance : 358 ft
|
Batting: RHB Ángelo Delgado
|
0-0: Ball 1-0: Ball 2-0: Called Strike 2-1: Ball 3-1: Fly out, F2 (Popup, 25F)
|
Batting: LHB Gerardo Ponce de Leon
|
0-0: Foul Ball, location: 2F 0-1: Ground out 3-1 (Groundball, 34)
|
Batting: LHB Michael Ward
|
0-0: Ball 1-0: Ball 2-0: Ground out 2-3 (Groundball, 2L)
|
Bottom of the 2nd over - 2 runs, 2 hits, 0 errors, 0 left on base; Philadelphia 1776 4 - Vancouver 2 |
TOP OF THE 3RD |
Philadelphia 1776 BC batting - Pitching for Vancouver Grey Wolves : LHP Miguel López
|
Batting: RHB Eddie Sachs
|
0-0: Ball 1-0: SINGLE (Line Drive, 7S)
|
Batting: RHB Karl Blanke
|
0-0: Ball Wild Pitch! Eddie Sachs to second 1-0: Called Strike 1-1: Fly out, F4 (Popup, 4)
|
Batting: RHB Phil Moore
|
0-0: Ball 1-0: Foul Ball, location: 2F 1-1: Ball 2-1: Fly out, F8 (Flyball, 8LXD) Runner from 2nd tags up, SAFE at 3rd, no throw
|
Batting: RHB Tim Burney
|
0-0: Ball 1-0: Called Strike 1-1: Swinging Strike 1-2: Foul Ball, location: 2F 1-2: Ball 2-2: Foul Ball, location: 2F 2-2: Ball 3-2: Base on Balls
|
Batting: LHB Manoo Satyavrat
|
0-0: Ball 1-0: Called Strike 1-1: Foul Ball, location: 2F 1-2: Ball 2-2: Foul Ball, location: 2F 2-2: Foul Ball, location: 2F 2-2: Ball 3-2: Ground out 6-3 (Groundball, 6S)
|
Top of the 3rd over - 0 runs, 1 hit, 0 errors, 2 left on base; Philadelphia 1776 4 - Vancouver 2 |
BOTTOM OF THE 3RD |
Vancouver Grey Wolves batting - Pitching for Philadelphia 1776 BC : RHP Elroy Thompkins
|
Batting: RHB José Jarca
|
0-0: Called Strike 0-1: Ball 1-1: Swinging Strike 1-2: Strikes out swinging
|
Batting: RHB Urs van Munster
|
0-0: Swinging Strike 0-1: SINGLE (Groundball, 56D)
|
Batting: RHB Hugh Mungus
|
0-0: Ball 1-0: Ball 2-0: Ball 3-0: Called Strike 3-1: Base on Balls Urs van Munster to second
|
Batting: LHB Johan Kroening
|
0-0: Ball Urs van Munster steals 3rd base 1-0: SINGLE (Groundball, 4D) Urs van Munster scores Hugh Mungus to second
|
Batting: RHB Sixto Estrada
|
0-0: Fielders Choice at 2nd, 3-6 (Groundball, 3) Hugh Mungus to third
|
Batting: LHB Michael Malloy
|
0-0: Ball 1-0: Foul Ball, location: 2F 1-1: Foul Ball, location: 2F 1-2: Foul Ball, location: 2F 1-2: Foul Ball, location: 2F 1-2: Ball 2-2: DOUBLE (Line Drive, 7LS) Hugh Mungus scores Sixto Estrada to third Runner from 3rd tries for Home, SAFE, no throw
|
Batting: RHB Ángelo Delgado
|
0-0: Called Strike 0-1: Called Strike 0-2: Foul Ball, location: 2F 0-2: Ball 1-2: Strikes out swinging
|
Bottom of the 3rd over - 3 runs, 3 hits, 0 errors, 1 left on base; Philadelphia 1776 4 - Vancouver 5 |
TOP OF THE 4TH |
Philadelphia 1776 BC batting - Pitching for Vancouver Grey Wolves : LHP Miguel López
|
Batting: RHB Kent Summey
|
0-0: Swinging Strike 0-1: Ball 1-1: Foul Ball, location: 2F 1-2: Ball 2-2: Ball 3-2: Strikes out looking
|
Batting: LHB Hai-feng Tang
|
0-0: Ground out 4-3 (Groundball, 4)
|
Batting: LHB Kelvin Abbott
|
0-0: Called Strike 0-1: Called Strike 0-2: Ball 1-2: Foul Ball, location: 2F 1-2: Ball 2-2: Ball 3-2: Strikes out looking
|
Top of the 4th over - 0 runs, 0 hits, 0 errors, 0 left on base; Philadelphia 1776 4 - Vancouver 5 |
BOTTOM OF THE 4TH |
Vancouver Grey Wolves batting - Pitching for Philadelphia 1776 BC : RHP Elroy Thompkins
|
Batting: LHB Gerardo Ponce de Leon
|
0-0: Fly out, F5 (Popup, 56S)
|
Batting: LHB Michael Ward
|
0-0: Called Strike 0-1: Called Strike 0-2: Ball 1-2: Ball 2-2: Strikes out looking
|
Batting: RHB José Jarca
|
0-0: Ball 1-0: Foul Ball, location: 2F 1-1: Ball 2-1: Called Strike 2-2: Ball 3-2: Foul Ball, location: 2F 3-2: Base on Balls
|
Batting: RHB Urs van Munster
|
0-0: Ball José Jarca steals 2nd base 1-0: Ball 2-0: TRIPLE (Flyball, 8LXD) José Jarca scores
|
Batting: RHB Hugh Mungus
|
0-0: Ball 1-0: Ball 2-0: Fly out, F9 (Flyball, 9LSF)
|
Bottom of the 4th over - 1 run, 1 hit, 0 errors, 1 left on base; Philadelphia 1776 4 - Vancouver 6 |
TOP OF THE 5TH |
Philadelphia 1776 BC batting - Pitching for Vancouver Grey Wolves : LHP Miguel López
|
Batting: RHB Mario Castillo
|
0-0: Ball 1-0: Called Strike 1-1: Ball 2-1: Ball 3-1: Base on Balls
|
Batting: RHB Eddie Sachs
|
0-0: Ball 1-0: Swinging Strike 1-1: Ball 2-1: Ball 3-1: Ground out 5-3 (Groundball, 5S) Mario Castillo to second
|
Batting: RHB Karl Blanke
|
0-0: Ball 1-0: Foul Ball, location: 2F 1-1: Ball 2-1: Ball 3-1: Base on Balls
|
Batting: RHB Phil Moore
|
0-0: Ball 1-0: Ball 2-0: Called Strike 2-1: Reached on error, E7 (Flyball, 7S) Mario Castillo to third Karl Blanke to second
|
Batting: RHB Tim Burney
|
0-0: Called Strike 0-1: Foul Ball, location: 2F 0-2: Strikes out swinging
|
Pitching: RHP Roy Shively
|
|
Batting: LHB Manoo Satyavrat
|
0-0: Swinging Strike 0-1: Foul Ball, location: 2F 0-2: Ball 1-2: Foul Ball, location: 2F 1-2: Ball 2-2: Ball 3-2: Foul Ball, location: 2F 3-2: Foul Ball, location: 2F 3-2: Fly out, F8 (Flyball, 8RXD)
|
Top of the 5th over - 0 runs, 0 hits, 1 error, 3 left on base; Philadelphia 1776 4 - Vancouver 6 |
BOTTOM OF THE 5TH |
Vancouver Grey Wolves batting - Pitching for Philadelphia 1776 BC : RHP Elroy Thompkins
|
Batting: LHB Johan Kroening
|
0-0: Swinging Strike 0-1: Called Strike 0-2: Foul Ball, location: 2F 0-2: Foul Ball, location: 2F 0-2: Foul Ball, location: 2F 0-2: Ball 1-2: Strikes out looking
|
Batting: RHB Sixto Estrada
|
0-0: Ground out 6-3 (Groundball, 6)
|
Batting: LHB Michael Malloy
|
0-0: Swinging Strike 0-1: Foul Ball, location: 2F 0-2: Ball 1-2: Foul Ball, location: 2F 1-2: Ball 2-2: Ball 3-2: Fly out, F7 (Flyball, 7)
|
Bottom of the 5th over - 0 runs, 0 hits, 0 errors, 0 left on base; Philadelphia 1776 4 - Vancouver 6 |
TOP OF THE 6TH |
Philadelphia 1776 BC batting - Pitching for Vancouver Grey Wolves : RHP Roy Shively
|
Batting: RHB Kent Summey
|
0-0: Called Strike 0-1: Ball 1-1: Foul Ball, location: 2F 1-2: DOUBLE (Line Drive, 7LD)
|
Batting: LHB Hai-feng Tang
|
0-0: Ball 1-0: Called Strike 1-1: Ball 2-1: Swinging Strike 2-2: Foul Ball, location: 2F 2-2: Ball 3-2: Foul Ball, location: 2F 3-2: SINGLE (Groundball, 3D) Kent Summey to third Runner from 3rd tries for Home, SAFE, no throw
|
Batting: LHB Kelvin Abbott
|
0-0: Ball 1-0: Ball 2-0: Sac Bunt - play at first, batter OUT! 3-4 Hai-feng Tang to second
|
Batting: RHB Mario Castillo
|
0-0: Ball 1-0: Reached on error, E3 (Groundball, 34) Hai-feng Tang to third
|
Batting: RHB Eddie Sachs
|
0-0: Ball 1-0: Called Strike 1-1: Swinging Strike 1-2: Ball 2-2: Strikes out swinging
|
Batting: RHB Karl Blanke
|
0-0: Ball 1-0: Called Strike 1-1: Foul Ball, location: 2F 1-2: Foul Ball, location: 2F 1-2: SINGLE (Line Drive, 4MS) Hai-feng Tang scores Mario Castillo to second Runner from 2nd tries for 3rd, SAFE, no throw
|
Batting: RHB Phil Moore
|
0-0: Called Strike 0-1: Foul Ball, location: 2F 0-2: Ball 1-2: Fly out, F8 (Flyball, 8RD)
|
Top of the 6th over - 2 runs, 3 hits, 1 error, 2 left on base; Philadelphia 1776 6 - Vancouver 6 |
BOTTOM OF THE 6TH |
Vancouver Grey Wolves batting - Pitching for Philadelphia 1776 BC : RHP Elroy Thompkins
|
Pitching: LHP Masami Kogawa
|
|
Batting: RHB Ángelo Delgado
|
0-0: Ball 1-0: Ball 2-0: Ball 3-0: Base on Balls
|
Batting: LHB Gerardo Ponce de Leon
|
0-0: Called Strike 0-1: Swinging Strike 0-2: Ball 1-2: Strikes out looking
|
Batting: LHB Michael Ward
|
Pickoff Throw to First - Out! 0-0: Ball 1-0: Ball 2-0: Foul Ball, location: 2F 2-1: Called Strike 2-2: Foul Ball, location: 2F 2-2: Strikes out swinging
|
Bottom of the 6th over - 0 runs, 0 hits, 0 errors, 0 left on base; Philadelphia 1776 6 - Vancouver 6 |
TOP OF THE 7TH |
Philadelphia 1776 BC batting - Pitching for Vancouver Grey Wolves : RHP Roy Shively
|
Batting: RHB Tim Burney
|
0-0: Called Strike 0-1: Ball 1-1: Foul Ball, location: 2F 1-2: Ball 2-2: Ground out 5-3 (Groundball, 56)
|
Batting: LHB Manoo Satyavrat
|
0-0: Ball 1-0: Ball 2-0: Swinging Strike 2-1: Foul Ball, location: 2F 2-2: Foul Ball, location: 2F 2-2: Ball 3-2: Foul Ball, location: 2F 3-2: Fly out, F8 (Flyball, 8LD)
|
Pinch Hitting: LHB José Rodríguez
|
0-0: Ball 1-0: Swinging Strike 1-1: Foul Ball, location: 2F 1-2: Foul Ball, location: 2F 1-2: Foul Ball, location: 2F 1-2: Ground out 5-3 (Groundball, 5)
|
Top of the 7th over - 0 runs, 0 hits, 0 errors, 0 left on base; Philadelphia 1776 6 - Vancouver 6 |
BOTTOM OF THE 7TH |
Vancouver Grey Wolves batting - Pitching for Philadelphia 1776 BC : LHP Masami Kogawa
|
Now in RF: José Rodríguez
|
|
Batting: RHB José Jarca
|
0-0: Ball 1-0: Ball 2-0: Called Strike 2-1: DOUBLE (Groundball, 5L)
|
Batting: RHB Urs van Munster
|
0-0: Ball José Jarca steals 3rd base 1-0: Called Strike 1-1: Swinging Strike 1-2: Ball 2-2: Fly out, F3 (Popup, 3SF)
|
Batting: RHB Hugh Mungus
|
0-0: Intentional Walk
|
Batting: LHB Johan Kroening
|
0-0: Fly out, F4 (Line Drive, 4)
|
Batting: RHB Sixto Estrada
|
0-0: Called Strike 0-1: Ball 1-1: Ball 2-1: Ground out 6-3 (Groundball, 6M)
|
Bottom of the 7th over - 0 runs, 1 hit, 0 errors, 2 left on base; Philadelphia 1776 6 - Vancouver 6 |
TOP OF THE 8TH |
Philadelphia 1776 BC batting - Pitching for Vancouver Grey Wolves : RHP Roy Shively
|
Pitching: LHP Sjaak Bonne
|
|
Pinch Hitting: RHB Kevin Malone
|
0-0: Called Strike 0-1: Ball 1-1: Foul Ball, location: 2F 1-2: Ball 2-2: Ground out U3 (Groundball, 34S)
|
Batting: LHB Kelvin Abbott
|
0-0: Ball 1-0: Foul Ball, location: 2F 1-1: Foul Ball, location: 2F 1-2: Ball 2-2: Ball 3-2: Foul Ball, location: 2F 3-2: Foul Ball, location: 2F 3-2: Ground out 4-3 (Groundball, 4)
|
Batting: RHB Mario Castillo
|
0-0: Called Strike 0-1: Ball 1-1: Foul Ball, location: 2F 1-2: Strikes out swinging
|
Top of the 8th over - 0 runs, 0 hits, 0 errors, 0 left on base; Philadelphia 1776 6 - Vancouver 6 |
BOTTOM OF THE 8TH |
Vancouver Grey Wolves batting - Pitching for Philadelphia 1776 BC : LHP Masami Kogawa
|
Now at SS: Sam Quint
|
|
Batting: LHB Michael Malloy
|
0-0: Foul Ball, location: 2F 0-1: Ball 1-1: Foul Ball, location: 2F 1-2: Foul Ball, location: 2F 1-2: Ball 2-2: Ball 3-2: Fly out, F8 (Flyball, 8LS)
|
Batting: RHB Ángelo Delgado
|
0-0: Ground out U3 (Groundball, 34)
|
Pinch Hitting: RHB Hani Azwan
|
0-0: Ground out 6-3 (Groundball, 6)
|
Bottom of the 8th over - 0 runs, 0 hits, 0 errors, 0 left on base; Philadelphia 1776 6 - Vancouver 6 |
TOP OF THE 9TH |
Philadelphia 1776 BC batting - Pitching for Vancouver Grey Wolves : LHP Sjaak Bonne
|
Now at SS: Wilson Vega
|
|
Batting: RHB Eddie Sachs
|
0-0: SOLO HOME RUN (Flyball, 9D), Distance : 353 ft
|
Batting: RHB Karl Blanke
|
0-0: Swinging Strike 0-1: Called Strike 0-2: Strikes out swinging
|
Batting: RHB Phil Moore
|
0-0: Called Strike 0-1: Foul Ball, location: 2F 0-2: Foul Ball, location: 2F 0-2: Ball 1-2: Ground out 4-3 (Groundball, 4)
|
Batting: RHB Tim Burney
|
0-0: Called Strike 0-1: Swinging Strike 0-2: Ball 1-2: Strikes out swinging
|
Top of the 9th over - 1 run, 1 hit, 0 errors, 0 left on base; Philadelphia 1776 7 - Vancouver 6 |
BOTTOM OF THE 9TH |
Vancouver Grey Wolves batting - Pitching for Philadelphia 1776 BC : LHP Masami Kogawa
|
Pitching: RHP Tony Solíz
|
|
Batting: LHB Michael Ward
|
0-0: Ground out 4-3 (Groundball, 34)
|
Batting: RHB José Jarca
|
0-0: Ball 1-0: Ball 2-0: Ball 3-0: SOLO HOME RUN (Flyball, 7LD), Distance : 341 ft
|
Batting: RHB Urs van Munster
|
0-0: Called Strike 0-1: Ball 1-1: Ball 2-1: SINGLE (Line Drive, 89S)
|
Batting: RHB Hugh Mungus
|
0-0: Called Strike 0-1: Fly out, F7 (Flyball, 7)
|
Batting: LHB Johan Kroening
|
0-0: Called Strike 0-1: Ball 1-1: Ball 2-1: SINGLE (Groundball, 4MD) Urs van Munster to second Runner from 2nd tries for 3rd, SAFE, no throw
|
Batting: RHB Sixto Estrada
|
0-0: Ball 1-0: Ball 2-0: Foul Ball, location: 2F 2-1: Fly out, F9 (Flyball, 9LS)
|
Bottom of the 9th over - 1 run, 3 hits, 0 errors, 2 left on base; Philadelphia 1776 7 - Vancouver 7 |
TOP OF THE 10TH |
Philadelphia 1776 BC batting - Pitching for Vancouver Grey Wolves : LHP Sjaak Bonne
|
Pitching: LHP Ramón Costello
|
|
Batting: LHB Manoo Satyavrat
|
0-0: Ball 1-0: Ball 2-0: Foul Ball, location: 2F 2-1: Foul Ball, location: 2F 2-2: Strikes out looking
|
Batting: LHB José Rodríguez
|
0-0: Called Strike 0-1: Ball 1-1: Reached via error on a dropped throw, E3
|
Batting: SHB Sam Quint
|
0-0: SINGLE (Line Drive, 6MD) José Rodríguez to second
|
Batting: LHB Kelvin Abbott
|
0-0: Called Strike 0-1: Ball 1-1: Fly out, F7 (Flyball, 7D)
|
Batting: RHB Mario Castillo
|
0-0: Called Strike 0-1: Ball 1-1: Called Strike 1-2: Foul Ball, location: 2F 1-2: Ball 2-2: Foul Ball, location: 2F 2-2: Strikes out swinging
|
Top of the 10th over - 0 runs, 1 hit, 1 error, 2 left on base; Philadelphia 1776 7 - Vancouver 7 |
BOTTOM OF THE 10TH |
Vancouver Grey Wolves batting - Pitching for Philadelphia 1776 BC : RHP Tony Solíz
|
Pitching: RHP Goodluck Obasanjo
|
|
Batting: LHB Michael Malloy
|
0-0: Fly out, F4 (Line Drive, 4)
|
Batting: RHB Ángelo Delgado
|
0-0: Ball 1-0: Ground out 6-3 (Groundball, 6MS)
|
Batting: RHB Wilson Vega
|
0-0: Called Strike 0-1: Swinging Strike 0-2: Foul Ball, location: 2F 0-2: Ball 1-2: Strikes out looking
|
Bottom of the 10th over - 0 runs, 0 hits, 0 errors, 0 left on base; Philadelphia 1776 7 - Vancouver 7 |
TOP OF THE 11TH |
Philadelphia 1776 BC batting - Pitching for Vancouver Grey Wolves : LHP Ramón Costello
|
Batting: RHB Eddie Sachs
|
0-0: Foul Ball, location: 2F 0-1: Foul Ball, location: 2F 0-2: Ball 1-2: Strikes out looking
|
Batting: RHB Karl Blanke
|
0-0: Called Strike 0-1: Ball 1-1: Foul Ball, location: 2F 1-2: Fly out, F8 (Flyball, 8RD)
|
Batting: RHB Phil Moore
|
0-0: Called Strike 0-1: Called Strike 0-2: Fly out, F6 (Popup, 6M)
|
Top of the 11th over - 0 runs, 0 hits, 0 errors, 0 left on base; Philadelphia 1776 7 - Vancouver 7 |
BOTTOM OF THE 11TH |
Vancouver Grey Wolves batting - Pitching for Philadelphia 1776 BC : RHP Goodluck Obasanjo
|
Batting: LHB Michael Ward
|
0-0: Ball 1-0: Foul Ball, location: 2F 1-1: Ball 2-1: Swinging Strike 2-2: Foul Ball, location: 2F 2-2: Ball 3-2: Foul Ball, location: 2F 3-2: Foul Ball, location: 2F 3-2: Foul Ball, location: 2F 3-2: Hit by Pitch
|
Batting: RHB José Jarca
|
0-0: Bunted foul 0-1: Ball 1-1: Ball 2-1: Sac Bunt - play at first, batter OUT! 5-4 Michael Ward to second
|
Batting: RHB Urs van Munster
|
0-0: Ball 1-0: Ball 2-0: Ball 3-0: Called Strike 3-1: Base on Balls
|
Batting: RHB Hugh Mungus
|
0-0: Ball Michael Ward steals 3rd base Urs van Munster to second 1-0: Intentional Walk
|
Batting: LHB Johan Kroening
|
0-0: Called Strike 0-1: Ball 1-1: Swinging Strike 1-2: Foul Ball, location: 2F 1-2: Ball 2-2: Strikes out swinging
|
Batting: RHB Sixto Estrada
|
0-0: Called Strike 0-1: Ball 1-1: Ground out 4-3 (Groundball, 4)
|
Bottom of the 11th over - 0 runs, 0 hits, 0 errors, 3 left on base; Philadelphia 1776 7 - Vancouver 7 |
TOP OF THE 12TH |
Philadelphia 1776 BC batting - Pitching for Vancouver Grey Wolves : LHP Ramón Costello
|
Pitching: RHP Edgardo Nava
|
|
Batting: RHB Tim Burney
|
0-0: Ball 1-0: Ball 2-0: Called Strike 2-1: Ball 3-1: Foul Ball, location: 2F 3-2: SINGLE (Line Drive, 4D)
|
Batting: LHB Manoo Satyavrat
|
0-0: Ball 1-0: Ball 2-0: Swinging Strike 2-1: Foul Ball, location: 2F 2-2: Strikes out swinging
|
Batting: LHB José Rodríguez
|
0-0: Ground out 5-3 (Groundball, 56) Tim Burney to second
|
Batting: SHB Sam Quint
|
0-0: Ball 1-0: Ball 2-0: Fly out, F9 (Line Drive, 9LD)
|
Top of the 12th over - 0 runs, 1 hit, 0 errors, 1 left on base; Philadelphia 1776 7 - Vancouver 7 |
BOTTOM OF THE 12TH |
Vancouver Grey Wolves batting - Pitching for Philadelphia 1776 BC : RHP Goodluck Obasanjo
|
Batting: LHB Michael Malloy
|
0-0: Called Strike 0-1: Ball 1-1: Ball 2-1: Ball 3-1: Called Strike 3-2: Ground out 3-1 (Groundball, 34S)
|
Batting: RHB Ángelo Delgado
|
0-0: Ball 1-0: Called Strike 1-1: Called Strike 1-2: Fly out, F5 (Line Drive, 56)
|
Batting: RHB Wilson Vega
|
0-0: SINGLE (Line Drive, 4MD)
|
Batting: LHB Michael Ward
|
0-0: Called Strike Wilson Vega steals 2nd base 0-1: Ball 1-1: Called Strike 1-2: Foul Ball, location: 2F 1-2: SINGLE (Line Drive, 7S) Wilson Vega to third Runner from 3rd tries for Home, SAFE, throw made home
|
Friday, March 29th, 2019 - OOTP Baseball 18.8 Build 76
|
|